 Dungeon Crawl Stone Soup version 0.28-a0-819-g6ef7baa362 (webtiles) character file.

Game seed: 15138148070341148651

430 AttackTheMoon the Magician (level 7, -3/50 HPs)
             Began as a Djinni Fire Elementalist on Nov 8, 2021.
             Was an Initiate of Ashenzari.
             Slain by a two-headed ogre (18 damage)
             ... on level 5 of the Dungeon.
             The game lasted 00:07:01 (4424 turns).

AttackTheMoon the Magician (DjFE)                   Turns: 4424, Time: 00:07:02

Health: -3/50      AC:  6    Str:  7    XL:     7   Next: 19%
Gold:   169        EV: 12    Int: 19    God:    Ashenzari [......] SH:  0 Dex: 13

rFire   + + +      SeeInvis .   j - +9 dagger "Vedaw" {flame, rElec}
rCold   x . .      Faith    .   (no shield)
rNeg    . . .      Spirit   .   g - +2 robe {rF+}
rPois   ∞          Reflect  .   f - +0 helmet
rElec   +          Harm     .   h - +0 cloak
rCorr   .          Rampage  .   (no gloves)
Will    .....                   (boots unavailable)
Stlth   ++........              e - amulet of regeneration
HPRegen 1.16/turn               (no ring)
MPRegen 0.00/turn               (no ring)

@: flying, very slightly contaminated
A: sickness immunity, fire resistance 2, cold vulnerability 1, float, innate
caster, hp casting, extra vitality 1
a: Renounce Religion


You were on level 5 of the Dungeon.
You worshipped Ashenzari.
Ashenzari was noncommittal.
You visited 2 branches of the dungeon, and saw 6 of its levels.

You collected 169 gold pieces.

Inventory:

Hand Weapons
 d - a +5 short sword
 j - the +9 dagger "Vedaw" (weapon) {flame, rElec}
   (You found it on level 4 of the Dungeon)

   It burns those it strikes, dealing additional fire damage.
   rElec:     It insulates you from electricity.
Armour
 a - a +0 robe
 c - a +0 plate armour
 f - a +0 helmet (worn)
 g - a +2 robe of fire resistance (worn)
 h - a +0 cloak (worn)
Jewellery
 e - an amulet of regeneration (around neck)
Wands
 n - a wand of iceblast (6)
Scrolls
 b - a scroll of blinking
 i - a scroll of teleportation
 l - 3 scrolls of identify
Potions
 k - a potion of resistance {unknown}
 m - a potion of lignification {unknown}


   Skills:
 + Level 3.2 Fighting
 + Level 2.9 Short Blades
 + Level 2.5 Armour
 - Level 2.8 Dodging
 - Level 1.5 Stealth
 + Level 3.5 Spellcasting


You couldn't memorise any spells.
You knew the following spells:

 Your Spells              Type           Power      Damage    Failure   Level
a - Foxfire               Conj/Fire      64%        2x1d7     3%          1
b - Scorch                Fire           32%        2d6       4%          2
c - Conjure Flame         Conj/Fire      16%        6-21      10%         3
d - Inner Flame           Hex/Fire       16%        N/A       10%         3
e - Flame Wave            Conj/Fire      16%        3d5       32%         4
f - Slow                  Hex            64%        N/A       3%          1
g - Passwall              Tmut/Erth      13%        N/A       4%          2
h - Stone Arrow           Conj/Erth      32%        3d9       10%         3
Your spell library was empty.

Dungeon Overview and Level Annotations

Branches:
Dungeon (5/15)             Temple (1/1) D:5

Altars:
Ashenzari
Cheibriados
Dithmenos
Elyvilon
Fedhas
Makhleb
Okawaru
Qazlal
Ru
Sif Muna
Trog
Vehumet
Wu Jian
Xom
Zin

Shops:
D:3 [

Annotations:
D:4 3 runed translucent doors, Frod's ghost, amateur HuCj


Innate Abilities, Weirdness & Mutations

You are immune to sickness and miasma.
You are immune to poison.
Your flesh is very heat resistant. (rF++)
You are vulnerable to cold. (rC-)
You float through the air rather than walking.
You learn spells naturally, not from books.
Your magical power is your life essence.
You have superior vitality. (+4 HP)


Message History

Flames lash the two-headed ogre.
The two-headed ogre is heavily wounded.
The two-headed ogre's fire resistance burns away.
The two-headed ogre barely misses you.
The two-headed ogre hits you with a +0 giant club!
You are too injured to fight recklessly!
The two-headed ogre is no longer more vulnerable to fire.
Found a leather armour.
Casting: Scorch (safe; 4% risk of failure)
Press: ? - help, Q - select action, (/) - cycle Dir - look around, f - activate Flames lash the two-headed ogre.
The two-headed ogre is heavily wounded.
The two-headed ogre's fire resistance burns away.
The two-headed ogre misses you.
The two-headed ogre hits you with a +0 giant club!!
Okay, then.
The two-headed ogre is no longer more vulnerable to fire.
Blink to where?
Press: ? - help, Dir - move target
Okay, then.
There is a stone staircase leading up here.
Flames lash the two-headed ogre.
The two-headed ogre is heavily wounded.
The two-headed ogre's fire resistance burns away.
The two-headed ogre hits you with a +0 giant club!
The two-headed ogre completely misses you.
You miscast Scorch.
You are very lightly contaminated with residual magic.
Nothing appears to happen.
Flames lash the two-headed ogre.
The two-headed ogre is burned terribly!
The two-headed ogre is severely wounded.
The two-headed ogre closely misses you.
The two-headed ogre hits you with a +0 giant club!
Casting: Scorch (safe; 4% risk of failure)
Press: ? - help, Q - select action, (/) - cycle Dir - look around, f - activate Flames lash the two-headed ogre.
The two-headed ogre is burned terribly!
The two-headed ogre is almost dead.
* * * LOW HITPOINT WARNING * * *
The two-headed ogre hits you with a +0 giant club!!
You die...

#.....'......+ #.#
#.....#.###..#.....#
#.# #.....#.#
#..#.....# #.#
#.....#.###).#.....#
#.#
###.###......#.....#
#.# #...##.####.#.....#
#.# #...##.#
#.#.....###.# #...##.#
#.#.....#.... #...##@#
#.#.....#.... #...##O#
#.##'#....♣.♣ #...##<#
#.##)#.....>.
##########...##.#
#..)).....♣.♣
#........'......#
#.##.........
###.######...##.#
#.##.#.##...# #.#
#...##.####.##.#.##.#.#
#.#
#...##......##.#.##.#.#
#.#
#...##.#######.#.##...#


You could see a two-headed ogre (combustible).

Vanquished Creatures
  An ogre (D:4)
  Blork the orc (D:5)
  A scorpion (D:4)
  2 jellies (D:5)
  A scorpion zombie (D:5)
  A hound skeleton (D:5)
  4 gnolls (D:5)
  2 adders
  2 adder zombies (D:5)
  A worm (D:3)
  2 dart slugs (D:3)
  6 orcs
  6 ball pythons
  5 bats
  3 endoplasms
  2 giant cockroaches
  6 goblins
  6 hobgoblins
  3 quokkas
  2 frilled lizards
  3 kobolds
  6 rats
66 creatures vanquished.

Vanquished Creatures (others)
  188 foxfires
188 creatures vanquished.

Grand Total: 254 creatures vanquished

Notes
Turn   | Place    | Note
-------+----------+-------------------------------------------
     0 | D:1      | AttackTheMoon the Djinni Fire Elementalist began the quest
                  | for the Orb.
     0 | D:1      | Reached XP level 1. HP: 15/15 MP: 0/0
   131 | D:1      | Found a faded altar of an unknown god.
   225 | D:1      | Reached XP level 2. HP: 18/22 MP: 0/0
  1086 | D:2      | Reached skill level 1 in Fighting
  1087 | D:2      | Reached XP level 3. HP: 22/27 MP: 0/0
  1087 | D:2      | Learned a level 1 spell: Slow
  1524 | D:2      | Reached skill level 1 in Short Blades
  1827 | D:3      | Reached XP level 4. HP: 29/32 MP: 0/0
  2200 | D:3      | Found Coeduig's Antique Armour Shoppe.
  2282 | D:3      | Found a burning altar of Makhleb.
  2283 | D:3      | Noticed a blizzard demon
  2533 | D:4      | Noticed a scorpion
  2541 | D:4      | Killed a scorpion
  2542 | D:4      | Reached skill level 1 in Armour
  2542 | D:4      | Reached XP level 5. HP: 24/38 MP: 0/0
  2542 | D:4      | Learned a level 2 spell: Passwall
  2829 | D:4      | Noticed an ogre
  2834 | D:4      | Killed an ogre
  2835 | D:4      | Reached XP level 6. HP: 41/45 MP: 0/0
  2973 | D:4      | Identified the +9 dagger "Vedaw" {flame, rElec}
  3040 | D:4      | Found a runed translucent gate.
  3042 | D:4      | Found a runed translucent gate.
  3043 | D:4      | Found a runed translucent gate.
  3044 | D:4      | Noticed Frod's ghost (amateur HuCj)
  3204 | D:4      | Found an iron altar of Okawaru.
  3628 | D:5      | Entered Level 5 of the Dungeon
  3728 | D:5      | Found a staircase to the Ecumenical Temple.
  3746 | Temple   | Entered the Ecumenical Temple
  3953 | Temple   | Became a worshipper of Ashenzari the Shackled
  4075 | D:5      | Found a shimmering altar of Xom.
  4221 | D:5      | Found a sacrificial altar of Ru.
  4298 | D:5      | Noticed Blork the orc
  4311 | D:5      | Killed Blork the orc
  4312 | D:5      | Reached XP level 7. HP: 27/50 MP: 0/0
  4312 | D:5      | Learned a level 3 spell: Stone Arrow
  4371 | D:5      | Noticed a two-headed ogre
  4424 | D:5      | Slain by a two-headed ogre

Illustrated notes

Levels and vault maps discovered:
D:1:      dpeg_arrival_simpleton_b, layout_basic,
          hellmonk_ecumenical_altar_blasted, serial_bayou_ford_a,
          due_unseen_surprise
D:2:      layout_rooms, minmay_misc_feat_rugged
D:3:      layout_basic, makhleb_altar_promises_db, serial_shops, shop_fountains
D:4:      layout_loops_corners, mainiacjoe_overflow_concentric_impassable,
          ebering_ghost_rock_garden
D:5:      layout_basic, mainiacjoe_overflow_six_doors_small, xom_butterflies,
          minmay_temple_entry_trees, uniq_prince_ribbit1, uniq_blork_the_orc
Temple:   minmay_temple_curvy_loop

Skill      XL: |  1  2  3  4  5  6 |
---------------+-------------------+-----
Fighting       | 1 2 3 |  3.2
Short Blades   | 1 2 |  2.9
Armour         | 1 2 |  2.5
Spellcasting   | 3 |  3.5
Dodging        | |  2.8
Stealth        | |  1.5

Action                   |  1- 3 |  4- 6 |  7- 9 || total
-------------------------+-------+-------+-------++-------
Melee: Short sword       |    24 |     4 |       ||    28
       Dagger            |       |    13 |       ||    13
 Cast: Foxfire           |    64 |    58 |       ||   122
       Scorch            |       |    31 |    11 ||    42
       Passwall          |       |     2 |       ||     2
  Use: Scroll            |     4 |     4 |       ||     8
 Stab: Sleeping          |     2 |       |       ||     2
Armor: Robe              |     9 |     4 |     1 ||    14
Dodge: Dodged            |    14 |    15 |     5 ||    34

Table legend: (Time is in decaauts)
 A = Elapsed time spent in this place.
 B = Non-inter-level travel time spent in this place.
 C = Inter-level travel time spent in this place.
 D = Time resting spent in this place.
 E = Time spent auto-exploring this place.
 F = Levels seen in this place.
 G = Mean time per level.
                   A        B        C        D        E       F      G
               +--------+--------+--------+--------+--------+-----+--------+
         Total |   4426 |   4120 |    306 |    136 |   3364 |   6 |  737.7 |
       Dungeon |   4177 |   3930 |    247 |    136 |   3180 |   5 |  835.4 |
        Temple |    248 |    189 |     59 |      0 |    184 |   1 |  248.0 |
               +--------+--------+--------+--------+--------+-----+--------+

Top non-repeatable levels by time:
     D:1: 1049 daAuts
     D:4: 975 daAuts
     D:3: 931 daAuts
     D:2: 673 daAuts
     D:5: 546 daAuts
  Temple: 248 daAuts
